 Dungeon Crawl Stone Soup version 0.24-a0-408-gcc1054c7ca (webtiles) character file.

Game seed: 2031642284787131653

105 PentaManta the Caller (level 4, 0/24 HPs)
             Began as a Deep Elf Summoner on June 5, 2019.
             Succumbed to an adder's poison
             ... on level 2 of the Dungeon.
             The game lasted 00:08:36 (1384 turns).

PentaManta the Caller (Deep Elf Summoner)           Turns: 1384, Time: 00:08:36

Health: 0/24       AC:  2    Str: 10    XL:     4   Next: 53%
Magic:  3/12       EV: 14    Int: 21    God:
Gold:   55         SH:  0    Dex: 15    Spells: 5/11 levels left

rFire    . . .     SeeInvis .   i - +0 dagger
rCold    . . .     Gourm    .   (no shield)
rNeg     . . .     Faith    .   a - +0 robe
rPois    .         Spirit   .   (no helmet)
rElec    .         Reflect  .   (no cloak)
rCorr    .         Harm     .   (no gloves)
MR       .....                  (no boots)
Stlth    +++.......             (no amulet)
HPRegen  0.08/turn              (no ring)
MPRegen  0.13/turn              (no ring)

@: mighty, lethally poisoned (0 -> -2)
A: no striking features
a: no special abilities


You were on level 2 of the Dungeon.
You were not hungry.

You visited 1 branch of the dungeon, and saw 2 of its levels.

You collected 55 gold pieces.

Inventory:

Hand Weapons
 i - a +0 dagger (weapon)
Armour
 a - a +0 robe (worn)
 f - a +0 pair of gloves
Scrolls
 b - 2 scrolls of remove curse {unknown}
 d - a scroll of fear {unknown}
 g - 5 scrolls of identify {unknown}
 h - a scroll of magic mapping {unknown}
Comestibles
 c - 2 rations


   Skills:
 + Level 3.6 Dodging
 + Level 3.7 Stealth
 + Level 4.1 Spellcasting
 + Level 5.0 Summonings


You had 5 spell levels left.
You knew the following spells:

 Your Spells              Type           Power        Failure   Level  Hunger
a - Summon Small Mammal   Summ           ####         1%          1    None
b - Call Imp              Summ           ####....     2%          2    #......
c - Call Canine Familiar  Summ           ####....     4%          3    ###....

Your spell library contained the following spells:

 Spells                   Type           Power        Failure   Level  Hunger
 Summon Guardian Golem    Hex/Summ       ##......     13%         3    ###....
 Summon Ice Beast         Ice/Summ       ##......     38%         4    ####...
 Summon Lightning Spire   Summ/Air       ##......     38%         4    ####...


Dungeon Overview and Level Annotations

Branches:
Dungeon (2/15)

Altars:
Yredelemnul


Message History

The adder poisons you!
Your quokka closely misses the adder.
You hit the adder.
You kill the adder!
* * * LOW HITPOINT WARNING * * *
You feel sick.
The worm bites your quokka but does no damage.
Your quokka bites the worm.
It was a potion of might.
You feel very mighty all of a sudden.
Your quokka barely misses the worm.
The worm barely misses your quokka.
* * * LOW HITPOINT WARNING * * *
You feel sick.
Your quokka bites the worm.
Your quokka bites the worm.
The worm bites your quokka!
Your quokka dies!
Your quokka's corpse disappears in a puff of smoke!
* * * LOW HITPOINT WARNING * * *
You feel sick.
* * * LOW HITPOINT WARNING * * *
You feel sick.
You die...

.###S### #.#..))..... .# ...
#..## ##.#.#..8...... †# ...#...#
###...#.#.8_8).... .## ..#[..#
##.... #.#..8...... ..#
.....###.... #.#......... .†##
#....##..# #.##.#...... ...###
#)...#...# #†##........
....w####....#...##..#.5..#......
..?.............@....####.#......
##########.########### #.#......
# #..........# #.####### #
#.########.# #.# # #.# #.# #.# #
#.# #.# #.# # #.# #.# #5# # #.#
#5########.# # #5# #....5..†..#


There were no monsters in sight!

Vanquished Creatures
  An adder (D:2)
  A bat (D:1)
  A ball python (D:2)
  A frilled lizard (D:2)
  A rat (D:2)
5 creatures vanquished.

Vanquished Creatures (collateral kills)
  A human (D:2)
  2 adders (D:2)
  A worm (D:2)
  A leopard gecko (D:1)
  A ball python (D:2)
  A giant cockroach (D:2)
  7 goblins
  6 hobgoblins
  A jackal (D:2)
  6 kobolds
  A quokka (D:2)
  6 bats
  4 frilled lizards (D:1)
  A goblin zombie (D:2)
  7 rats (D:1)
46 creatures vanquished.

Vanquished Creatures (others)
  A hobgoblin (D:2)
1 creature vanquished.

Grand Total: 52 creatures vanquished

Notes
Turn   | Place    | Note
-------+----------+-------------------------------------------
     0 | D:1      | PentaManta the Deep Elf Summoner began the quest for the
                  | Orb.
     0 | D:1      | Reached XP level 1. HP: 10/10 MP: 6/6
   262 | D:1      | Reached XP level 2. HP: 15/15 MP: 6/8
   274 | D:1      | Learned a level 2 spell: Call Imp
   993 | D:2      | Found a faded altar of an unknown god.
  1040 | D:2      | Reached XP level 3. HP: 15/19 MP: 10/10
  1140 | D:2      | Learned a level 3 spell: Call Canine Familiar
  1185 | D:2      | Found a runed translucent door.
  1185 | D:2      | Noticed a human
  1200 | D:2      | Found a basalt altar of Yredelemnul.
  1256 | D:2      | Killed a human
  1256 | D:2      | Reached XP level 4. HP: 24/24 MP: 1/12
  1319 | D:2      | Reached skill level 5 in Summonings
  1380 | D:2      | HP: 1/24 [poisoned by an adder]
  1384 | D:2      | Succumbed to an adder's poison

Levels and vault maps discovered:
D:1:      denvon_arrival_planthouse, layout_rooms, hex_intersection
D:2:      minmay_recursive_quarters, layout_basic,
          chequers_ecumenical_altar_simple, dk_yredelemnul_ordeal

Skill      XL: |  1  2  3  4 |
---------------+-------------+-----
Dodging        | 3 |  3.6
Stealth        | 3 |  3.7
Spellcasting   | 4 |  4.1
Summonings     | 5 |  5.0

Action                   |  1- 3 |  4- 6 || total
-------------------------+-------+-------++-------
Melee: Unarmed           |    11 |       ||    11
       Dagger            |     4 |     2 ||     6
 Cast: Summon Small Mamm |    23 |     4 ||    27
       Call Imp          |    11 |     2 ||    13
       Call Canine Famil |     6 |     2 ||     8
  Use: Potion            |       |     1 ||     1
 Stab: Sleeping          |     1 |       ||     1
  Eat: Chunk             |     1 |     1 ||     2
Armor: Robe              |     7 |     9 ||    16
Dodge: Dodged            |    27 |    53 ||    80

Table legend:
 A = Non-vault XP
 B = Vault XP
 C = Vault XP percentage of total XP
 D = Non-vault monster count
 E = Vault monster count
 F = Vault count percentage of total count
                 A         B        C        D         E       F
            +---------+---------+-------+---------+---------+-------
      Total |      62 |      88 |  58.7 |      45 |       6 |  11.8
            +---------+---------+-------+---------+---------+-------
        D:1 |      29 |       0 |   0.0 |      27 |       0 |   0.0
        D:2 |      33 |      88 |  72.7 |      18 |       6 |  25.0
            +---------+---------+-------+---------+---------+-------
